 Dungeon Crawl Stone Soup version 0.27-a0-1281-ge233d83751 (webtiles) character file.

Game seed: 18212113642519694690

154 freelancePsychic the Slasher (level 5, -4/38 HPs)
             Began as a Vampire Gladiator on June 13, 2021.
             Was an Initiate of Ru.
             Killed by divine providence
             ... invoked by an orc priest
              (15 damage)
             ... on level 4 of the Dungeon on June 14, 2021.
             The game lasted 00:06:09 (3408 turns).

freelancePsychic the Slasher (Vampire Gladiator)    Turns: 3408, Time: 00:06:10

Health: -4/38      AC:  7    Str: 14    XL:     5   Next: 13%
Magic:  5/5        EV: 15    Int: 10    God:    Ru [......]
Gold:   99         SH:  3    Dex: 16    Spells: 4/4 levels left

rFire    . . .     SeeInvis +   b - +4 hunting sling
rCold    . . .     Faith    .   i - +0 buckler
rNeg     . . .     Spirit   .   s - +0 ring mail
rPois    .         Reflect  .   c - +0 helmet
rElec    .         Harm     .   (no cloak)
rCorr    .         Rampage  .   (no gloves)
Will     .....                  g - +0 pair of boots
Stlth    +.........             (no amulet)
HPRegen  0.32/turn              d - +4 ring of evasion
MPRegen  0.09/turn              (no ring)

@: healing quickly
A: alive, fangs 3, see invisible, vampiric 2
a: Exsanguinate, Renounce Religion


You were on level 4 of the Dungeon.
You worshipped Ru.
Ru was noncommittal.
You visited 2 branches of the dungeon, and saw 5 of its levels.

You collected 99 gold pieces.

Inventory:

Hand Weapons
 a - a +0 long sword
 b - a +4 hunting sling (weapon)
Missiles
 k - 13 sling bullets (quivered ammo)
 l - 104 stones (quivered)
 r - a throwing net
Armour
 c - a +0 helmet (worn)
 g - a +0 pair of boots (worn)
 i - a +0 buckler (worn)
 j - a +0 leather armour
 s - a +0 ring mail (worn)
Jewellery
 d - a +4 ring of evasion (left hand)
 q - a ring of magical power
Scrolls
 e - 3 scrolls of immolation
 h - a scroll of fear {unknown}
 m - a scroll of enchant armour {unknown}
 p - a scroll of vulnerability {unknown}
Potions
 f - 2 potions of haste {unknown}
 n - a potion of attraction {unknown}
 o - a potion of degeneration {unknown}


   Skills:
 - Level 1.7 Fighting
 * Level 5.1 Long Blades
 - Level 1.5 Throwing
 + Level 4.5 Dodging


You had 4 spell levels left.
You didn't know any spells.
Your spell library contained the following spells:

 Spells                   Type           Power      Damage    Failure   Level
 Summon Small Mammal      Summ           0%         N/A       80%         1
 Call Imp                 Summ           0%         N/A       90%         2
 Call Canine Familiar     Summ           0%         N/A       99%         3
 Summon Guardian Golem    Hex/Summ       0%         N/A       99%         3
 Summon Ice Beast         Ice/Summ       0%         N/A       100%        4
 Summon Lightning Spire   Summ/Air       0%         N/A       100%        4


Dungeon Overview and Level Annotations

Branches:
Dungeon (4/15)             Temple (1/1) D:4

Altars:
Ashenzari
Dithmenos
Fedhas
Makhleb
Nemelex Xobeh
Okawaru
Ru
Wu Jian
Yredelemnul

Annotations:
D:4 Edmund


Innate Abilities, Weirdness & Mutations

Your natural rate of healing is accelerated.
You have razor-sharp teeth.
You have supernaturally acute eyesight. (SInv)
You are afflicted with vampirism and can become a bat while bloodless.


Message History

There is an open door here.
There is an open door here.
There is an open door here.
Done exploring.
Done exploring.
There is an open door here.
There is an open door here.
There is a sacrificial altar of Ru here.
You kneel at the altar of Ru.
Ru welcomes you!
(D) Dungeon (T) Temple
Where to? (Enter - D:3 @ (x,y), ? - help)
There is an open door here.
There is an open door here.
There is a staircase back to the Dungeon here.
You climb upwards.
Welcome back to the Dungeon!
Level annotation: Edmund
There is a staircase to the Ecumenical Temple here.
An orc priest comes into view. It is wielding a +0 club.
The orc priest shouts!
You hear a shout!
An orc comes into view. It is wielding a +4 flail.
The orc priest moves out of view.
You shoot a sling bullet. The orc shouts!
The sling bullet hits the orc but does no damage.
You shoot a sling bullet. The sling bullet hits the orc.
The orc is moderately wounded.
The orc priest invokes the aid of Beogh against you.
Beogh smites you!
An orc priest comes into view. It is wielding a +0 club.
The orc priest invokes the aid of Beogh against you.
Beogh smites you!
* * * LOW HITPOINT WARNING * * *
As you read the scroll labelled DAUKUS XES MUE, it crumbles to dust.
The creatures around you are filled with an inner flame!
It was a scroll of immolation.
The orc closely misses you.
The orc priest casts a cantrip, but nothing happens.
The orc priest mumbles some strange prayers to Beogh against you.
Beogh smites you!
You die...

.# ##.<...# #.( .#
#....## #(# ..#
###### #.# >## #o#
## #o# ##.# #o.#
#..# #@## ######
#.# ##....# #.#
########..8⌠.###.#
#.....##.........#
..........8⌠.>...#
...............#.#
..........8⌠.##..#
.............##..#


You could see 2 orc priests and an orc (inner flame).

Vanquished Creatures
  2 iguanas (D:4)
  4 adders
  A worm (D:2)
  2 dart slugs
  3 orcs (D:2)
  10 ball pythons
  6 endoplasms
  3 giant cockroaches
  4 hobgoblins
  2 jackals (D:1)
  2 bats
  2 frilled lizards
  5 goblins
  6 kobolds
  6 rats
58 creatures vanquished.

Notes
Turn   | Place    | Note
-------+----------+-------------------------------------------
     0 | D:1      | freelancePsychic the Vampire Gladiator began the quest for
                  | the Orb.
     0 | D:1      | Reached XP level 1. HP: 16/16 MP: 1/1
   158 | D:1      | Reached XP level 2. HP: 22/22 MP: 2/2
   972 | D:2      | Gained mutation: You are afflicted with vampirism and can
                  | become a bat while bloodless. [Vampire growth]
   972 | D:2      | Reached XP level 3. HP: 14/27 MP: 3/3
  1035 | D:2      | Reached skill level 4 in Long Blades
  1738 | D:2      | Found a faded altar of an unknown god.
  2035 | D:3      | Reached XP level 4. HP: 33/33 MP: 4/4
  2798 | D:4      | Noticed Edmund
  3111 | D:4      | Reached skill level 5 in Long Blades
  3111 | D:4      | Reached XP level 5. HP: 22/38 MP: 5/5
  3218 | D:4      | Found a staircase to the Ecumenical Temple.
  3227 | Temple   | Entered the Ecumenical Temple
  3371 | Temple   | Became a worshipper of Ru the Awakened
  3408 | D:4      | Killed from afar by an orc priest

Illustrated notes

Levels and vault maps discovered:
D:1:      lightli_molten_gateway, layout_basic
D:2:      layout_loops_ring, shapermc_ecumenical_altar_mp_vishouse,
          guppyfry_early_orc_mine
D:3:      layout_basic, hangedman_decor_peaks_small, minmay_misc_feat_encased
D:4:      layout_cave_pods, minmay_temple_entry_drinking_statues, minivault_24,
          uniq_edmund
Temple:   nicolae_temple_figure_zero

Skill      XL: |  1  2  3  4 |
---------------+-------------+-----
Long Blades    | 4 5 |  5.1
Dodging        | 4 |  4.5
Fighting       | |  1.7
Throwing       | |  1.5

Action                   |  1- 3 |  4- 6 || total
-------------------------+-------+-------++-------
Melee: Long sword        |    91 |       ||    91
       Bite              |    13 |       ||    13
 Fire: Hunting sling     |    12 |    68 ||    80
Throw: Throwing net      |     1 |     2 ||     3
  Use: Scroll            |       |     1 ||     1
Armor: Leather armour    |    30 |     2 ||    32
Dodge: Dodged            |    49 |    24 ||    73
Block: Buckler           |     3 |     2 ||     5
       Rpst.: Long sword |    14 |       ||    14

Table legend: (Time is in decaauts)
 A = Elapsed time spent in this place.
 B = Non-inter-level travel time spent in this place.
 C = Inter-level travel time spent in this place.
 D = Time resting spent in this place.
 E = Time spent auto-exploring this place.
 F = Levels seen in this place.
 G = Mean time per level.
                   A        B        C        D        E       F      G
               +--------+--------+--------+--------+--------+-----+--------+
         Total |   3451 |   3205 |    246 |      0 |   2681 |   5 |  690.2 |
       Dungeon |   3294 |   3060 |    234 |      0 |   2574 |   4 |  823.5 |
        Temple |    156 |    144 |     12 |      0 |    107 |   1 |  156.0 |
               +--------+--------+--------+--------+--------+-----+--------+

Top non-repeatable levels by time:
     D:2: 990 daAuts
     D:3: 935 daAuts
     D:1: 864 daAuts
     D:4: 504 daAuts
  Temple: 156 daAuts
